[Event "Live Chess"]
[Site "Chess.com"]
[Date "2024.06.02"]
[Round "-"]
[White "OxonChess"]
[Black "Grace6363"]
[Result "1/2-1/2"]
[WhiteElo "1853"]
[BlackElo "1137"]
[TimeControl "300"]
[EndTime "6:39:48 PDT"]
[Termination "Game drawn by repetition"]

1. Nf3 c5 2. c4 Nc6 3. g3 d5 4. cxd5 Qxd5 5. Nc3 Qd7 6. Bg2 e6 7. O-O Nf6 8. b3 a6 9. Bb2 b5 10. Rc1 Bb7 11. d3 Be7 12. Qc2 Rd8 13. Rfd1 O-O 14. Qb1 Nd4 15. Nxd4 Bxg2 16. Kxg2 cxd4 17. Ne4 Nxe4 18.
dxe4 e5 19. Qd3 Qg4 20. Rc6 Rd6 21. Rdc1 Rfd8 22. Rc7 R6d7 23. R7c6 Rd6 24. R1c2 R8d7 25. Ba3 Rxc6 26. Rxc6 Bxa3 27. Rc8+ Bf8 28. Qc2 Rd6 29. Qc7 Qd7 30. Qb8 Qe7 31. Qa8 h6 32. Qb8 g6 33. Re8 Rb6 34. Rxf8+ Qxf8 35. Qxb6 Qa8 36.
Qd6 Qxe4+ 37. Kh3 Qxe2 38. Qxa6 Qxf2 39. Qxb5 Qxa2 40. Qe8+ Kg7 41. Qxe5+ Kg8 42. Qe8+ Kg7 43. Qe5+ Kg8 44. Qe8+ Kg7 45. Qe5+ 1/2-1/2

[Event "Live Chess"]
[Site "Chess.com"]
[Date "2024.06.02"]
[Round "-"]
[White "r0ad_t0-gm"]
[Black "nigelst"]
[Result "1-0"]
[WhiteElo "2306"]
[BlackElo "1724"]
[TimeControl "300"]
[EndTime "6:39:49 PDT"]
[Termination "r0ad_t0-gm won - game abandoned"]

1. Nf3 Nf6 2. g3 e6 3. Bg2 c5 4. O-O Nc6 5. d3 b6 6. Nbd2 Bb7 7. e4 d6 8. Re1 Be7 9. c3 O-O 10. d4 cxd4 11. cxd4 Rc8 12. a3 Nb8 13. e5 dxe5 14.
dxe5 Nd5 15. Ne4 Nc6 16. Bg5 Bxg5 17. Nexg5 h6 18. Ne4 Nce7 19. Nd6 Rc7 20. Rc1 Nc8 21. Nxb7 Rxb7 22. Qe2 Qd7 23. Red1 Nce7 24. Nd4 Rc8 25. Rxc8+ Qxc8 26. Nb5 a6 27. Nd6 Qc6 28. Nxb7 Qxb7 29. Qc4 Kh7 30. Rc1 b5 31. Qe4+ g6 32. h4 Nf5 33. h5 Qd7 34. Qc2 Qe7 35. Qc6 Nd4 36. Qd6 1-0

[Event "Live Chess"]
[Site "Chess.com"]
[Date "2024.06.02"]
[Round "-"]
[White "TheSmoulderingMaster"]
[Black "lateforthesky"]
[Result "0-1"]
[WhiteElo "1760"]
[BlackElo "2067"]
[TimeControl "300"]
[EndTime "6:39:59 PDT"]
[Termination "lateforthesky won by checkmate"]

1. e4 c5 2. Nf3 Nf6 3. d4 Nxe4 4. Bd3 d5 5. dxc5 Nxc5 6. Bb5+ Nc6 7. Nc3 e6 8. O-O Be7 9. Re1 O-O 10. Be3 a6 11.
Bxc6 bxc6 12. Nd4 Bb7 13. Nce2 Nd7 14. c3 Bf6 15. Nf3 c5 16. Nf4 g6 17. b4 cxb4 18. cxb4 Bxa1 19. Qxa1 e5 20. Nxe5 Nxe5 21. Qxe5 f6 22. Qe6+ Rf7 23. Rd1 Qd7 24. Qb6 Re8 25.
Qc5 Kg7 26. Nxd5 Rd8 27. Nf4 Qxd1# 0-1

[Event "Live Chess"]
[Site "Chess.com"]
[Date "2024.06.02"]
[Round "-"]
[White "DoYouLikeCurry"]
[Black "Nazar-Makarchuk"]
[Result "0-1"]
[WhiteElo "1438"]
[BlackElo "1459"]
[TimeControl "300"]
[EndTime "6:40:09 PDT"]
[Termination "Nazar-Makarchuk won by checkmate"]

1. e4 d5 2. exd5 Qxd5 3. Nc3 Qd8 4. d4 Nf6 5. Nf3 e6 6. Be3 Nc6 7. Bb5 Bd7 8. Qd2 a6 9. Bd3 Bb4 10. O-O O-O 11. Rfe1 Nd5 12. Ng5 Nxe3 13. Qxe3 Be7 14. Qe4 f5 15. Nxe6 fxe4 16. Nxd8 exd3 17. Nxc6 Bxc6 18.
Rxe7 dxc2 19. Rc1 Rad8 20. Ne2 Bb5 21. Kf1 Bxe2+ 22. Kxe2 Rxd4 23. Rxc2 Rc8 24. Rexc7 Rxc7 25. Rxc7 Rb4 26. b3 a5 27. Kd3 b6 28. Ra7 Rb5 29. Kc4 Rc5+ 30. Kd3 Rd5+ 31. Kc3 Rc5+ 32. Kd3 Rd5+ 33.
Kc4 Rd2 34. Ra8+ Kf7 35. Rb8 Rxa2 36. Rxb6 Rxf2 37. Rb7+ Kg8 38. Ra7 Rxg2 39. Rxa5 Rxh2 40. Ra1 g5 41. Kb5 Rb2 42. b4 h5 43. Ra8+ Kg7 44.
Rd8 g4 45. Rd5 Kh6 46. Kc4 g3 47. b5 g2 48. Rd1 h4 49. Rg1 h3 50. Kc5 h2 51. Ra1 h1=Q 52. Rxh1+ gxh1=Q 53. Kb6 Rxb5+ 54. Kxb5 Qc1 55. Ka6 Qb1 56. Ka7 Kg7 57. Ka8 Kf6 58. Ka7 Ke7 59. Ka8 Kd6 60. Ka7 Kc7 61. Ka8 Qb7# 0-1

[Event "Live Chess"]
[Site "Chess.com"]
[Date "2024.06.02"]
[Round "-"]
[White "gmnorfolk"]
[Black "NottheBishopSacrifice"]
[Result "0-1"]
[WhiteElo "2144"]
[BlackElo "2327"]
[TimeControl "300"]
[EndTime "6:40:14 PDT"]
[Termination "NottheBishopSacrifice won by resignation"]

1. c4 e6 2. Nf3 d5 3. e3 Nf6 4.
Nc3 Be7 5. Qc2 O-O 6. b3 b6 7.
Bb2 Bb7 8. O-O-O c5 9. cxd5 exd5 10. d4 Nc6 11. a3 Rc8 12. Bd3 Nb4 13. axb4 cxb4 14. Kb1 bxc3 15. Bc1 Ne4 16. Ne5 f6 17. Ng4 a5 18. f3 f5 19. Ne5 Nd6 20. g4 b5 21.
gxf5 Bf6 22. Ng4 a4 23. bxa4 bxa4 24. e4 Bxd4 25. e5 Nc4 26. f6 Qb6+ 27. Ka1 Qb3 28. Bxh7+ Kh8 29. fxg7+ Kxg7 30. Qg6+ Kh8 31. Qh6 c2+ 0-1

[Event "Live Chess"]
[Site "Chess.com"]
[Date "2024.06.02"]
[Round "-"]
[White "KeithArkell"]
[Black "Dashman93"]
[Result "0-1"]
[WhiteElo "2420"]
[BlackElo "2140"]
[TimeControl "300"]
[EndTime "6:40:14 PDT"]
[Termination "Dashman93 won by resignation"]

1. d4 Nf6 2. Nf3 e6 3. c4 d5 4. cxd5 exd5 5. Nc3 Be7 6. Qc2 O-O 7. Bg5 c6 8. e3 Re8 9. Bd3 h6 10. Bh4 Nbd7 11.
O-O Ne4 12. Bxe4 dxe4 13. Qxe4 Nf6 14. Bxf6 Bxf6 15. Qc2 Bg4 16. Nd2 Rc8 17. Nce4 Bf5 18.
Nxf6+ Qxf6 19. Qc5 b6 20. Qc4 c5 21. Nf3 Be4 22. Ne5 cxd4 23. Qxd4 Qxe5 24. Qxe5 Rxe5 25.
Rfc1 Rec5 26. Rxc5 Rxc5 27. f3 Bg6 28. e4 Rc2 29. b4 f6 30. a4 Bf7 31. a5 b5 32.
Rd1 Rc4 33. Rd8+ Kh7 34. Rd7 Be6 35. Rxa7 Rxb4 36. a6 Ra4 37. Rb7 Bc4 38. a7 b4 39.
Rxb4 Ra1+ 40. Kf2 Be6 41. Rb7 Kg6 42. h4 h5 43. f4 f5 44. e5 Bd5 45. Rd7 Be4 46. g3 Ra2+ 47. Ke3 Ra3+ 48. Kd4 Rd3+ 0-1

[Event "Live Chess"]
[Site "Chess.com"]
[Date "2024.06.02"]
[Round "-"]
[White "PavelChernomordik"]
[Black "DoctorMantisTobogganMD"]
[Result "1-0"]
[WhiteElo "2508"]
[BlackElo "2202"]
[TimeControl "300"]
[EndTime "6:40:20 PDT"]
[Termination "PavelChernomordik won by resignation"]

1. e4 c6 2. Nc3 g6 3. Bc4 e6 4.
d4 d5 5. Bd3 Bg7 6. Nf3 Nf6 7.
e5 Nfd7 8. Ne2 c5 9. c3 Nc6 10. O-O O-O 11. Bg5 Qb6 12. Qd2 f6 13. exf6 Bxf6 14. Bxf6 Nxf6 15. a3 c4 16. Bb1 Ne7 17.
Ne5 Nf5 18. Bxf5 exf5 19. f3 Qd6 20. Nf4 Bd7 21. Rfe1 Rae8 22. h4 Bc6 23. Nh3 Nd7 24.
f4 Nf6 25. Ng5 Ne4 26. Nxe4 fxe4 27. Rf1 Bd7 28. Rae1 Rf6 29. g4 Qe7 30. Qe3 Rb6 31. Rf2 Qxh4 32. Rh2 Qe7 33. Ree2 Rf8 34. Rh6 Ba4 35. Reh2 Bd1 36. Qh3 Rxf4 37. Rxh7 1-0

[Event "Live Chess"]
[Site "Chess.com"]
[Date "2024.06.02"]
[Round "-"]
[White "jimwad"]
[Black "Bradfield133"]
[Result "1-0"]
[WhiteElo "1315"]
[BlackElo "1838"]
[TimeControl "300"]
[EndTime "6:40:21 PDT"]
[Termination "jimwad won on time"]

1. d4 d6 2. c4 f5 3. Nc3 Nf6 4. Bf4 g6 5. Nf3 Bg7 6. e3 O-O 7. Bd3 Nc6 8. a3 a5 9. O-O e6 10. d5 exd5 11. cxd5 Ne7 12. Bc4 b6 13. Re1 h6 14. h3 Bb7 15. Rc1 b5 16. Bxb5 Nexd5 17. Nxd5 Bxd5 18. Bc6 Bxc6 19. Rxc6 Qd7 20. Qc2 Rfc8 21.
Rc1 Nd5 22. Qc4 Qf7 23. Bxd6 Bxb2 24. Rc2 Bc3 25. Rxc3 Nxc3 26. Qxf7+ Kxf7 27. Rxc3 cxd6 28. Rd3 Ke7 29. Nd4 Rab8 30. Kh2 a4 31. Ne2 Rb2 32. Nf4 Rb3 33. Nxg6+ Ke8 34. Rxd6 Rxa3 35. Ne5 Ra2 36.
Rxh6 Rcc2 37. Rh8+ 1-0

[Event "Live Chess"]
[Site "Chess.com"]
[Date "2024.06.02"]
[Round "-"]
[White "vincents82"]
[Black "Ninifu"]
[Result "1-0"]
[WhiteElo "1989"]
[BlackElo "2011"]
[TimeControl "300"]
[EndTime "6:40:37 PDT"]
[Termination "vincents82 won on time"]

1. e4 d5 2. exd5 Nf6 3. d4 Bg4 4. Be2 Bxe2 5. Qxe2 Qxd5 6. Nf3 e6 7. O-O Nc6 8. Be3 O-O-O 9. c4 Qf5 10. Nc3 Rg8 11.
a3 g5 12. Bxg5 Rxg5 13. Nxg5 Qxg5 14. d5 exd5 15. cxd5 Nxd5 16. Nxd5 Rxd5 17. Qe8+ Rd8 18. Qxf7 h5 19. Rad1 Bd6 20. Rd5 Be5 21. Qe6+ Kb8 22. Rxd8+ Qxd8 23. Re1 Bd6 24. Qe8 Kc8 25. Qxd8+ Kxd8 26. f3 Ne5 27. h3 Bc5+ 28. Kh2 Bd6 29. Kh1 Nd3 30. Re6 Nxb2 31. g4 Kd7 32. Rg6 hxg4 33. fxg4 Bxa3 34. h4 Nd3 35. h5 Ne5 36. Rg7+ Ke6 37.
h6 Bf8 38. Rxc7 Bxh6 39. Rxb7 Nxg4 40. Rxa7 Kf5 41. Ra5+ Kf4 42. Ra4+ Kg3 43. Ra3+ Ne3 44. Kg1 1-0

[Event "Live Chess"]
[Site "Chess.com"]
[Date "2024.06.02"]
[Round "-"]
[White "Anareza_Firouzja"]
[Black "agamilewska"]
[Result "1-0"]
[WhiteElo "1887"]
[BlackElo "1764"]
[TimeControl "300"]
[EndTime "6:40:42 PDT"]
[Termination "Anareza_Firouzja won by resignation"]

1. e4 e5 2. Nf3 Nc6 3. Bb5 Bc5 4.
c3 d6 5. d4 exd4 6. cxd4 Bb4+ 7. Nc3 Bxc3+ 8. bxc3 Bd7 9. O-O Nge7 10. h3 O-O 11. a4 a6 12. Bd3 h6 13. Re1 Ng6 14. e5 dxe5 15. Bxg6 fxg6 16. Nxe5 Nxe5 17. Rxe5 Bc6 18.
Ba3 Re8 19. Qe2 Rxe5 20. Qxe5 Qd5 21. Qxd5+ Bxd5 22. Re1 b5 23. a5 Rc8 24. Re5 Bf7 25. Rc5 g5 26. Rc6 Bc4 27. Bc5 Re8 28. Rxc7 Re1+ 29. Kh2 Re2 30. Rc8+ Kh7 31. Rf8 Kg6 32. Kg3 Re1 33. Ra8 Bd5 34. Rxa6+ Kh7 35. Ra7 Rg1 36.
f3 Rc1 37. Bb4 h5 38. Rd7 h4+ 39. Kh2 Be6 40. Re7 Bc4 41. a6 Ra1 42. a7 Kg6 43. Bc5 Kf6 44. Rb7 Bd5 45. Rb8 Kf5 46. Rxb5 Ra2 47.
Rb8 Bxf3 48. a8=Q Rxg2+ 49. Kh1 Rf2+ 50. Qxf3+ Rxf3 51. Rf8+ Ke4 52. Rxf3 Kxf3 53. Kh2 g4 54. hxg4 Kxg4 55. d5 g5 56. d6 h3 57. d7 Kh4 58.
d8=Q Kg4 59. Bf2 1-0

[Event "Live Chess"]
[Site "Chess.com"]
[Date "2024.06.02"]
[Round "-"]
[White "Val1024"]
[Black "Step-S"]
[Result "1-0"]
[WhiteElo "1739"]
[BlackElo "1332"]
[TimeControl "300"]
[EndTime "6:40:45 PDT"]
[Termination "Val1024 won on time"]

1. d4 e5 2. c4 d6 3. dxe5 Nc6 4.
exd6 Bxd6 5. Nc3 Nf6 6. Nf3 Qe7 7. Bg5 Bg4 8. Nd5 Qe6 9. Bxf6 gxf6 10. e3 O-O-O 11.
Qa4 Kb8 12. Be2 Rhg8 13. h3 Bh5 14. g4 Bg6 15. O-O-O Qe4 16. Nc3 Qe7 17. Nd4 Qd7 18. Nxc6+ Qxc6 19. Qxc6 bxc6 20. Bf3 Kb7 21. a3 a6 22. b4 Be5 23. Na4 Rxd1+ 24. Rxd1 f5 25. Nc5+ Kc8 26. g5 Rd8 27. Rxd8+ Kxd8 28. Bxc6 Ke7 29.
f4 Bg7 30. Nxa6 Kd6 31. Bf3 c6 32. c5+ Kd7 33. Nb8+ Kc7 34. Nxc6 h6 35. h4 hxg5 36. hxg5 Bc3 37. Kc2 Bg7 38. Ne7 1-0

[Event "Live Chess"]
[Site "Chess.com"]
[Date "2024.06.02"]
[Round "-"]
[White "dmitro74"]
[Black "gobbles19"]
[Result "1-0"]
[WhiteElo "1753"]
[BlackElo "2198"]
[TimeControl "300"]
[EndTime "6:40:54 PDT"]
[Termination "dmitro74 won by resignation"]

1. d4 Nf6 2. c4 e6 3. Nf3 c5 4. e3 a6 5. Nc3 Be7 6. Be2 O-O 7. O-O b6 8. a4 Bb7 9. d5 exd5 10.
cxd5 d6 11. e4 Nbd7 12. Bg5 Re8 13. Re1 h6 14. Bf4 Bf8 15. Bd3 Rc8 16. b3 g5 17.
Bg3 Bg7 18. Rc1 Nh5 19. h3 Nxg3 20. fxg3 Ne5 21. Nxe5 Bxe5 22. Kf2 Bxc3 23. Rxc3 Qf6+ 24. Qf3 Qxc3 25. e5 Rxe5 26. Bh7+ Kxh7 27. Qxc3 1-0

[Event "Live Chess"]
[Site "Chess.com"]
[Date "2024.06.02"]
[Round "-"]
[White "RichardABates"]
[Black "Colm_Buckley"]
[Result "1-0"]
[WhiteElo "2368"]
[BlackElo "1883"]
[TimeControl "300"]
[EndTime "6:41:02 PDT"]
[Termination "RichardABates won by resignation"]

1. d4 e6 2. c4 d5 3. Nf3 c5 4. cxd5 exd5 5. Nc3 Nc6 6. dxc5 d4 7. Na4 b5 8. cxb6 axb6 9. e3 Bc5 10. Bb5 Bd7 11. O-O dxe3 12. Bxe3 Bxe3 13. Re1 Nge7 14. Rxe3 O-O 15. Rd3 1-0

[Event "Live Chess"]
[Site "Chess.com"]
[Date "2024.06.02"]
[Round "-"]
[White "silunn"]
[Black "matt1979"]
[Result "0-1"]
[WhiteElo "2123"]
[BlackElo "1421"]
[TimeControl "300"]
[EndTime "6:41:33 PDT"]
[Termination "matt1979 won on time"]

1. e4 d6 2. d4 Nf6 3. Nc3 Nbd7 4. Nf3 e5 5. Bc4 Be7 6. Bxf7+ Kxf7 7. Ng5+ Kg8 8. Ne6 Qe8 9. Nxc7 Qg6 10. Qf3 Rb8 11.
N3d5 Bd8 12. Ne6 Ba5+ 13. Bd2 Bxd2+ 14. Kxd2 Qxe4 15. Qg3 g6 16. Nc3 Qf5 17. d5 Nxd5 18. Nxd5 Qxe6 19. Nc7 Qf6 20. Qb3+ Qf7 21. Qe3 Qf4 22.
Qxf4 exf4 23. Nd5 g5 24. Rhe1 Ne5 25. Rad1 Be6 26. Kc1 Kg7 27. Nc7 Bg4 28. f3 Bf5 29. Rxd6 Ng6 30. g4 Bxc2 31. Kxc2 Rbc8 32. Rd7+ Kh6 33. Kb1 Rhg8 0-1

[Event "Live Chess"]
[Site "Chess.com"]
[Date "2024.06.02"]
[Round "-"]
[White "Plimsol"]
[Black "Ferrarifan27"]
[Result "1-0"]
[WhiteElo "2349"]
[BlackElo "2137"]
[TimeControl "300"]
[EndTime "6:41:37 PDT"]
[Termination "Plimsol won by resignation"]

1. e4 e5 2. Nf3 Nc6 3. Bb5 a6 4. Bxc6 dxc6 5. O-O Bg4 6. h3 h5 7.
d3 Qf6 8. Nbd2 Ne7 9. Re1 Ng6 10. d4 O-O-O 11. hxg4 hxg4 12. Nh2 Qh4 13. Qxg4+ Qxg4 14. Nxg4 exd4 15. g3 Bb4 16. a3 Ba5 17. b4 Bb6 18. Nc4 Ba7 19. Kg2 d3 20. cxd3 Rxd3 21.
Be3 Rhd8 22. Bxa7 1-0

[Event "Live Chess"]
[Site "Chess.com"]
[Date "2024.06.02"]
[Round "-"]
[White "GerardATHart"]
[Black "davigator"]
[Result "0-1"]
[WhiteElo "1361"]
[BlackElo "2358"]
[TimeControl "300"]
[EndTime "6:42:16 PDT"]
[Termination "davigator won by resignation"]

1. e4 c5 2. Nc3 Nc6 3. Bb5 e6 4. Bxc6 dxc6 5. f4 e5 6. d3 Bd6 7. f5 Nf6 8. g4 h6 9. g5 hxg5 10. Bxg5 Be7 11. Nf3 Nh5 12. Bxe7 Qxe7 13. Qd2 Bd7 14.
O-O-O O-O-O 15. Qg5 f6 16. Qg2 Be8 17. Qf2 Kb8 18. Na4 b6 19. b3 Bf7 20. Nb2 Rh7 21. c3 Rhh8 22. Rd2 Rd7 23. Rhd1 Rhd8 24. d4 exd4 25.
cxd4 Qxe4 26. dxc5 Rxd2 27. Rxd2 Rxd2 28. Nxd2 Qf4 29.
cxb6 Qxf2 0-1

[Event "Live Chess"]
[Site "Chess.com"]
[Date "2024.06.02"]
[Round "-"]
[White "juniortay"]
[Black "grillage"]
[Result "0-1"]
[WhiteElo "2319"]
[BlackElo "1880"]
[TimeControl "300"]
[EndTime "6:42:32 PDT"]
[Termination "grillage won by resignation"]

1. e4 d5 2. exd5 Qxd5 3. Nc3 Qd8 4. d4 Nf6 5. Nf3 Bg4 6. Bc4 e6 7. Bd2 c6 8. h3 Bxf3 9. Qxf3 Nbd7 10. O-O-O Nb6 11.
Bb3 Qxd4 12. Bf4 Qb4 13. Rhe1 Be7 14. Be5 Nbd7 15. Bf4 Qa5 16. Ne4 Nxe4 17. Rxe4 Nf6 18. Ra4 Qh5 19. g4 Qg6 20. c3 Nd5 21. Be5 Bg5+ 22. Rd2 Bxd2+ 23. Kxd2 Rd8 24. Ke1 O-O 25. Kf1 Qb1+ 26. Kg2 Ne7 27. Rxa7 Ng6 28. Bg3 Rd2 29.
Rxb7 Rxb2 30. Qxc6 Qe1 31. Rxf7 Rb1 32. Rxf8+ Nxf8 0-1

[Event "Live Chess"]
[Site "Chess.com"]
[Date "2024.06.02"]
[Round "-"]
[White "GEMdzq"]
[Black "JohanKjeldahl"]
[Result "0-1"]
[WhiteElo "2292"]
[BlackElo "1802"]
[TimeControl "300"]
[EndTime "6:42:33 PDT"]
[Termination "JohanKjeldahl won by resignation"]

1. e4 Nc6 2. Bc4 e6 3. Nf3 d5 4. exd5 exd5 5. Bb5 Nf6 6. O-O Be7 7. Re1 O-O 8. d4 Bg4 9. Bxc6 bxc6 10. h3 Bh5 11. Bf4 Rb8 12. b3 h6 13. Nbd2 Bd6 14. Be5 Qd7 15.
c4 Bxe5 16. Nxe5 Bxd1 17. Nxd7 Nxd7 18. Raxd1 Rfe8 19. Nf3 Kf8 20. Rxe8+ Rxe8 21. cxd5 cxd5 22. Kf1 Re6 23. Rc1 c6 24. b4 Ke7 25. a4 Kd6 26. a5 a6 27. Nd2 Nf6 28. f3 Re3 29. Rb1 Nh5 30. Kf2 Rd3 31. Nb3 Nf4 32. Nc5 Rxd4 33. Nxa6 g5 34. g3 Rd2+ 35. Ke1 Re2+ 36. Kd1 Rh2 37. gxf4 gxf4 38. Nc5 Rxh3 39. a6 Rxf3 40.
Ra1 Rf1+ 41. Ke2 Rxa1 42. Kf3 Ke5 43. Nd3+ Kd4 44. Nxf4 Rxa6 0-1

[Event "Live Chess"]
[Site "Chess.com"]
[Date "2024.06.02"]
[Round "-"]
[White "Ksenia_2013"]
[Black "Duke_of_Bebington"]
[Result "0-1"]
[WhiteElo "965"]
[BlackElo "1601"]
[TimeControl "300"]
[EndTime "6:42:34 PDT"]
[Termination "Duke_of_Bebington won by checkmate"]

1. e4 e5 2. Nf3 Nf6 3. Nxe5 d6 4. Nf3 Nxe4 5. Qe2 Qe7 6. Nc3 Nxc3 7. bxc3 Nc6 8. d3 Qxe2+ 9. Bxe2 Be7 10. Bf4 Bf6 11.
d4 O-O 12. Bd3 Re8+ 13. Kd2 Bg4 14. Rhe1 Bxf3 15. gxf3 h6 16. Rxe8+ Rxe8 17. Rb1 b6 18. c4 Nxd4 19. Be3 Nxf3+ 20. Ke2 Nd4+ 21. Kd2 Nf3+ 22.
Ke2 Nxh2 23. Kd2 Nf3+ 24. Ke2 Ng5 25. Rg1 Kh8 26. Kd2 Nf3+ 27. Ke2 Nxg1+ 28. Kf1 Nf3 29. Be2 Nd4 30. Bxd4 Bxd4 31. Bh5 Kg8 32. f4 Re3 33. Kf2 Rc3+ 34. Ke2 Rxc2+ 35. Kd1 Rxa2 36. Kc1 Rh2 37. Bd1 Be3+ 38. Kb1 Bxf4 39. Ka1 Rh1 40. c5 dxc5 41. Kb1 Rxd1+ 42. Kb2 c4 43. Kc3 b5 44. Kb4 Rb1+ 45. Kc5 c3 46. Kd4 c2 47. Kd3 c1=Q 48. Ke4 a5 49. Kf5 a4 50. Ke4 a3 51. Kf5 a2 52.
Ke4 a1=Q 53. Kf3 Qe3+ 54. Kg2 Qg3# 0-1

[Event "Live Chess"]
[Site "Chess.com"]
[Date "2024.06.02"]
[Round "-"]
[White "Grace6363"]
[Black "r0ad_t0-gm"]
[Result "0-1"]
[WhiteElo "1137"]
[BlackElo "2306"]
[TimeControl "300"]
[EndTime "6:42:39 PDT"]
[Termination "r0ad_t0-gm won by resignation"]

1. d4 Nf6 2. c4 g6 3. Nf3 Bg7 4. Nc3 O-O 5. Bg5 h6 6. Bh4 d6 7. e4 c5 8. d5 b5 9. b3 g5 10.
Bg3 b4 11. Na4 Nh5 12. Be2 Bxa1 13. Qxa1 e5 14. h4 g4 15. Nh2 Nxg3 16. fxg3 h5 17.
Nf1 Nd7 18. Ne3 Nb6 19. Kd2 Nxa4 20. bxa4 Qe8 21. Qd1 f5 22. exf5 Bxf5 23. Nxf5 Rxf5 24. Rf1 Qg6 25. Rxf5 Qxf5 26. Qc2 Qxc2+ 27. Kxc2 a5 28. Bd3 Kg7 29. Bf5 Rf8 30. Bd3 Rf2+ 31. Kb1 Rxg2 0-1

[Event "Live Chess"]
[Site "Chess.com"]
[Date "2024.06.02"]
[Round "-"]
[White "Queensandpawns"]
[Black "MagnersCarlsberg2870"]
[Result "1-0"]
[WhiteElo "2298"]
[BlackElo "1769"]
[TimeControl "300"]
[EndTime "6:42:52 PDT"]
[Termination "Queensandpawns won by resignation"]

1. e4 d6 2. Nc3 Nf6 3. d4 Nbd7 4.
Be3 e5 5. Qd2 h6 6. Nf3 c6 7.
O-O-O Qc7 8. dxe5 dxe5 9. Bc4 b5 10. Bb3 a5 11. a4 Bb4 12. Qd3 Bxc3 13. Qxc3 Nxe4 14.
Qe1 bxa4 15. Bxa4 Ndc5 16. Bxc5 Nxc5 17. Nxe5 Nxa4 18. Nd7+ Kd8 19. Nb6+ Bd7 20. Rxd7+ Qxd7 21. Nxd7 Kxd7 22. Qe5 Nb6 23. Rd1+ Kc8 24. Qxg7 Kb7 25. Qxf7+ Ka6 26. Qf3 Rhf8 27. Qd3+ Kb7 28. Qh7+ Ka6 29. Qxh6 Rxf2 30. Qxc6 Rff8 31. Rd6 Rab8 32. c4 Ka7 33. Qb5 Rfc8 34. Qxa5+ Kb7 35. Qxb6+ 1-0

[Event "Live Chess"]
[Site "Chess.com"]
[Date "2024.06.02"]
[Round "-"]
[White "missedJariChance"]
[Black "JoeyCage"]
[Result "0-1"]
[WhiteElo "1384"]
[BlackElo "2397"]
[TimeControl "300"]
[EndTime "6:43:02 PDT"]
[Termination "JoeyCage won by resignation"]

1. b3 d5 2. Bb2 Nc6 3. Nf3 Nf6 4. e3 Bf5 5. Be2 a6 6. O-O e6 7. d3 Bd6 8. Nbd2 e5 9. e4 dxe4 10. dxe4 Nxe4 11. Nxe4 Bxe4 12. Re1 Bf5 13. Bc4 O-O 14. Qe2 Re8 15. Rad1 Qf6 16. Bd3 Bxd3 17. Qxd3 Qg6 18. Qxg6 hxg6 19. h3 f6 20. Nh4 Kf7 21. g3 Rad8 22. Kg2 Bb4 23. Rxd8 Rxd8 24. Re4 Rd2 25. a3 Bc5 0-1

[Event "Live Chess"]
[Site "Chess.com"]
[Date "2024.06.02"]
[Round "-"]
[White "nyclone"]
[Black "JanMur7"]
[Result "0-1"]
[WhiteElo "1147"]
[BlackElo "2297"]
[TimeControl "300"]
[EndTime "6:43:40 PDT"]
[Termination "JanMur7 won by checkmate"]

1. e4 g6 2. Nc3 Bg7 3. b3 c5 4. Bb2 Nc6 5. Bb5 d6 6. Bxc6+ bxc6 7. d3 Qa5 8. Qd2 Rb8 9. Nge2 Nf6 10. O-O O-O 11.
Qc1 d5 12. exd5 cxd5 13. Na4 d4 14. Ng3 Bd7 15. Re1 Bxa4 16. bxa4 e6 17. Ne4 Nxe4 18.
Rxe4 Qxa4 19. Ba3 Rfc8 20. Rg4 c4 21. dxc4 Qxc4 22. Be7 Qxc2 23. Qg5 Rb1+ 24. Rxb1 Qxb1+ 25. Qc1 Qxc1# 0-1

[Event "Live Chess"]
[Site "Chess.com"]
[Date "2024.06.02"]
[Round "-"]
[White "Dashman93"]
[Black "vincents82"]
[Result "1-0"]
[WhiteElo "2145"]
[BlackElo "1984"]
[TimeControl "300"]
[EndTime "6:43:55 PDT"]
[Termination "Dashman93 won by resignation"]

1. e4 d5 2. exd5 Qxd5 3. Nc3 Qd8 4. Bc4 Nf6 5. d4 a6 6. Bb3 Bg4 7. Nf3 Nc6 8. d5 Ne5 9. Be3 Nxf3+ 10. gxf3 Bf5 11.
Qd4 Qd7 12. O-O-O g6 13. d6 cxd6 14. Nd5 Nxd5 15. Qxh8 O-O-O 16. Bxd5 e6 17. Qc3+ Kb8 18. Be4 Rc8 19. Qb3 d5 20. Bxf5 gxf5 21. Qb6 1-0

[Event "Live Chess"]
[Site "Chess.com"]
[Date "2024.06.02"]
[Round "-"]
[White "matt1979"]
[Black "Plimsol"]
[Result "0-1"]
[WhiteElo "1421"]
[BlackElo "2349"]
[TimeControl "300"]
[EndTime "6:44:13 PDT"]
[Termination "Plimsol won by resignation"]

1. f4 g6 2. Nf3 Bg7 3. e4 c5 4.
d3 Nc6 5. Be2 e6 6. c3 Nge7 7.
O-O d6 8. Qe1 O-O 9. Qh4 b6 10.
Na3 Ba6 11. Nc2 d5 12. Ng5 h6 13. Nf3 dxe4 14. dxe4 Bxe2 15. Rf2 Bxf3 16. Rxf3 Qd1+ 17. Rf1 Qxc2 18. f5 exf5 19. Bxh6 Qxe4 20. Bxg7 Qxh4 0-1

[Event "Live Chess"]
[Site "Chess.com"]
[Date "2024.06.02"]
[Round "-"]
[White "resipsa6"]
[Black "NeilDruggan73"]
[Result "1/2-1/2"]
[WhiteElo "2020"]
[BlackElo "1720"]
[TimeControl "300"]
[EndTime "6:44:17 PDT"]
[Termination "Game drawn by repetition"]

1. e4 d6 2. d4 Nf6 3. Nc3 g6 4.
Bd3 Bg7 5. Nf3 O-O 6. O-O Nbd7 7.
Bg5 e5 8. dxe5 dxe5 9. Nd5 c6 10. Nxf6+ Bxf6 11. Bxf6 Qxf6 12. Qe2 Nc5 13. h3 Be6 14.
Bc4 Qf4 15. Bxe6 fxe6 16. Rfe1 Rad8 17. Qc4 b6 18. b4 Rd4 19. Qc3 Nxe4 20. Qxc6 Nxf2 21.
Qxe6+ Kg7 22. Kxf2 e4 23. Re3 exf3 24. Rxf3 Rd2+ 25.
Kf1 Qh2 26. Qe7+ Kh6 27. Qxf8+ Kh5 28. g4+ Kg5 29. Qe7+ Kh6 30. Qf8+ Kg5 31. Qe7+ Kh6 32. Qf8+ Kg5 1/2-1/2

[Event "Live Chess"]
[Site "Chess.com"]
[Date "2024.06.02"]
[Round "-"]
[White "OxonChess"]
[Black "TheSmoulderingMaster"]
[Result "0-1"]
[WhiteElo "1744"]
[BlackElo "1770"]
[TimeControl "300"]
[EndTime "6:44:18 PDT"]
[Termination "TheSmoulderingMaster won by resignation"]

1. Nf3 d5 2. c4 d4 3. b4 b6 4. Bb2 c5 5. g3 Bb7 6. Bg2 Nc6 7.
b5 Na5 8. d3 Nf6 9. O-O e6 10.
Nbd2 Bd6 11. Nb3 Nxb3 12. axb3 Qc7 13. Ra4 O-O 14. Bc1 Rfe8 15. Bg5 Nh5 16. Qc2 e5 17. Rfa1 h6 18. Bd2 e4 19. Ne1 e3 20. fxe3 dxe3 21. Bc3 Bxg3 22. hxg3 Qxg3 23. Rxa7 Qf2+ 24. Kh2 Rxa7 25.
Rxa7 Bxg2 26. Nxg2 Nf4 0-1

[Event "Live Chess"]
[Site "Chess.com"]
[Date "2024.06.02"]
[Round "-"]
[White "degringolade64"]
[Black "AndrewBak1"]
[Result "1-0"]
[WhiteElo "2087"]
[BlackElo "1876"]
[TimeControl "300"]
[EndTime "6:44:27 PDT"]
[Termination "degringolade64 won on time"]

1. e4 c5 2. Nf3 Nc6 3. Bb5 e6 4. Bxc6 bxc6 5. d3 d5 6. b3 Nf6 7. Qe2 Be7 8. O-O O-O 9. Nc3 Nd7 10. e5 f6 11. Na4 fxe5 12. Nxe5 Qc7 13. f4 Bf6 14.
Bb2 Nxe5 15. Bxe5 Bxe5 16. fxe5 Qe7 17. Rxf8+ Qxf8 18. Rf1 Qe7 19. Qf2 Bd7 20. Qxc5 Qxc5+ 21. Nxc5 Rd8 22. d4 Bc8 23. Rf3 Rf8 24. Rxf8+ Kxf8 25. Kf2 Kf7 26. Ke3 Kg6 27. a4 Kf5 28. b4 g5 29. b5 cxb5 30. axb5 g4 31. g3 h5 32.
Kd3 Kg5 33. Kc3 h4 34. Kb4 h3 35. Ka5 Kf5 36. b6 axb6+ 37. Kxb6 Bd7 38. Nxd7 Ke4 39. Nc5+ Kxd4 40. Nd3 Ke3 41. Kc6 Kf3 42. Kd6 Kg2 43. Kxe6 Kxh2 44. Kf7 Kxg3 45. e6 h2 46. e7 h1=Q 47. e8=Q Qh5+ 48. Ke7 Qxe8+ 49. Kxe8 Kf3 50. Ke7 1-0

[Event "Live Chess"]
[Site "Chess.com"]
[Date "2024.06.02"]
[Round "-"]
[White "MagnersCarlsberg2870"]
[Black "Purple1szed"]
[Result "1-0"]
[WhiteElo "1782"]
[BlackElo "2028"]
[TimeControl "300"]
[EndTime "6:44:28 PDT"]
[Termination "MagnersCarlsberg2870 won by resignation"]

1. d4 d5 2. e3 Nf6 3. Bd3 c5 4. c3 c4 5. Bc2 Nc6 6. f4 e5 7. fxe5 Nd7 8. Nf3 Be7 9. O-O O-O 10. Qe2 f6 11. e4 fxe5 12. exd5 Na5 13. Qe4 g6 14.
Bh6 Re8 15. Nxe5 Nxe5 16. Qxe5 Bf8 17. Rxf8+ 1-0